 Dungeon Crawl Stone Soup version 0.31-a0-37-g98a128e1d9 (webtiles) character file.

Game seed: 15524282791062169973

191 Elsrick the Poker (level 5, 0/26 (31) HPs)
             Began as a Tengu Reaver on May 15, 2023.
             Was an Initiate of Hepliaklqana.
             Slain by Grinder (1 damage)
             ... on level 4 of the Dungeon.
             The game lasted 00:08:23 (1823 turns).

Elsrick the Poker (Tengu Reaver)                    Turns: 1823, Time: 00:08:24

HP:   0/26 (31)     AC:  5    Str: 16    XL:     5   Next: 70%
MP:   5/9           EV: 14    Int: 16    God:    Hepliaklqana [......]
Gold: 89            SH:  0    Dex: 12    Spells: 5/8 levels left

rFire   . . .        a - +0 spear
rCold   . . .        (no shield)
rNeg    . . .        b - +0 leather armour
rPois   .            (helmet restricted)
rElec   .            (no cloak)
rCorr   .            i - +1 pair of gloves of the Sailor {Str+4}
SInv    .            (boots unavailable)
Will    .....        (no amulet)
Stlth   +            (no ring)
HPRegen 0.24/turn    (no ring)
MPRegen 0.11/turn

%: no passive effects
@: mighty, flying quickly and evasively, heavily drained, quick
A: beak, talons 3, nimble flight
a: Renounce Religion


You were on level 4 of the Dungeon.
You worshipped Hepliaklqana.
Hepliaklqana was noncommittal.
You visited 1 branch of the dungeon, and saw 4 of its levels.

You collected 89 gold pieces.

Inventory:

Hand Weapons
 a - a +0 spear (weapon)
Missiles
 m - a throwing net
Armour
 b - a +0 leather armour (worn)
 i - the +1 pair of gloves of the Sailor (worn) {Str+4}
   (You found it on level 2 of the Dungeon)

   Str:       It affects your strength (+4).
Jewellery
 n - a ring of flight
Scrolls
 c - a scroll of fear {unknown}
 e - 2 scrolls of fog {unknown}
 g - a scroll of blinking {unknown}
 h - a scroll of identify {unknown}
 j - a scroll of amnesia {unknown}
 k - a scroll of teleportation {unknown}
Potions
 d - a potion of haste {unknown}
 f - a potion of ambrosia {unknown}
 o - a potion of berserk rage {unknown}


   Skills:
 + Level 2.6 Fighting
 + Level 5.0 Polearms
 + Level 1.7 Armour
 + Level 2.7 Dodging
 + Level 0.9 Stealth
 + Level 2.2 Spellcasting
 + Level 4.9 Conjurations


You had 5 spell levels left.
You knew the following spells:

 Your Spells              Type           Power      Damage    Failure   Level
a - Kiss of Death         Conj/Necr      36%        2d8       9%          1
b - Momentum Strike       Conj/Tloc      18%        3d8       14%         2

Your spell library contained the following spells:

 Spells                   Type           Power      Damage    Failure   Level
 Hailstorm                Conj/Ice       9%         3d4       26%         3


Dungeon Overview and Level Annotations

Branches:
Dungeon (4/15)
 Temple: D:4-7

Altars:
Hepliaklqana

Annotations:
D:2 Sigmund
D:3 Robin
D:4 Grinder, Ijyb


Innate Abilities, Weirdness & Mutations

You have a beak for a mouth.
You have claws for feet.
Your magical nature lets you fly swiftly and evasively.


Message History

Pain shoots through your body!
You hit Grinder but do no damage. Your kick misses Grinder.
Grinder is moderately wounded.
Grinder closely misses you.
You barely miss Grinder. Your kick misses Grinder.
Grinder is moderately wounded.
Grinder misses you.
You hit Grinder. Your kick misses Grinder. You peck Grinder, but do no damage.
Grinder is heavily wounded.
Grinder says, "Just stop there for a second..."
Grinder barely misses you.
You hit Grinder.
Grinder is heavily wounded.
You are no longer robbed of momentum.
Ijyb hits you with a +0 dagger. Grinder closely misses you.
You closely miss Grinder. Your kick misses Grinder.
Grinder is heavily wounded.
You hit Grinder but do no damage. You claw Grinder. You peck Grinder.
Grinder is heavily wounded.
Ijyb hits you but does no damage.
Grinder blinks!
Your magical contamination has completely faded away.
You barely miss Ijyb. Your kick misses Ijyb. Your peck misses Ijyb.
Ijyb hits you but does no damage.
You barely miss Ijyb. Ijyb hits you with a +0 dagger.
You hit Grinder but do no damage. Your kick misses Grinder. You peck Grinder.
Grinder is severely wounded.
Ijyb barely misses you. Grinder hits you.
You writhe in agony.
You hit Grinder. Your peck misses Grinder.
Grinder is severely wounded.
Ijyb hits you with a +0 dagger. Grinder hits you.
* * * LOW HITPOINT WARNING * * *
You writhe in agony.
* * * LOW HITPOINT WARNING * * *
You hit Grinder.
Grinder is almost dead.
Ijyb closely misses you. Grinder closely misses you.
It was a potion of might.
You feel very mighty all of a sudden. Ijyb closely misses you.
Grinder hits you.
You die...

........####.#.##..##
.............#.#.#)#
.........# #.#.....#
.........###.)..##.#
..........#.....##.#
......5.#.#.#.<....# #
........#.#.##.##..#.###
............##g.##.......
....####....##@5........####
.
#....##..................##
..........................
#...........#...........#
##....#...# #..........#
...##...#.###..........#
........##.............<#
........................#
...########..#..........#


You could see Grinder and Ijyb.

Vanquished Creatures
  An ogre (D:4)
  2 gnolls (D:1)
  4 adders
  A worm (D:3)
  3 dart slugs
  An orc (D:3)
  5 ball pythons
  5 bats
  5 endoplasms
  A giant cockroach (D:2)
  A hobgoblin (D:1)
  3 frilled lizards (D:2)
  2 goblins (D:1)
  6 kobolds
  4 rats (D:1)
44 creatures vanquished.

Notes
Turn   | Place    | Note
-------+----------+-------------------------------------------
     0 | D:1      | Elsrick the Tengu Reaver began the quest for the Orb.
     0 | D:1      | Reached XP level 1. HP: 12/12 MP: 4/4
    64 | D:1      | Reached XP level 2. HP: 17/17 MP: 6/6
   403 | D:1      | Reached skill level 4 in Polearms
   403 | D:1      | Reached XP level 3. HP: 10/18 MP: 5/7
  1182 | D:2      | Identified the +1 pair of gloves of the Sailor {Str+4}
  1302 | D:2      | Reached skill level 1 in Armour
  1302 | D:2      | Reached XP level 4. HP: 27/27 MP: 8/8
  1349 | D:2      | Noticed Sigmund
  1534 | D:4      | Noticed an ogre
  1546 | D:4      | Killed an ogre
  1547 | D:4      | Reached skill level 5 in Polearms
  1547 | D:4      | Gained mutation: Your magical nature lets you fly swiftly
                  | and evasively. [Tengu growth]
  1547 | D:4      | Reached XP level 5. HP: 27/31 MP: 6/9
  1578 | D:4      | Learned a level 2 spell: Momentum Strike
  1578 | D:4      | Noticed Ijyb
  1578 | D:4      | Noticed Grinder
  1645 | D:3      | Found a hazy altar of Hepliaklqana.
  1651 | D:3      | Became a worshipper of Hepliaklqana the Forgotten
  1759 | D:3      | Noticed Robin
  1821 | D:4      | HP: 1/26 [Grinder (2)]
  1823 | D:4      | Slain by Grinder

Illustrated notes

Levels and vault maps discovered:
D:1:      dpeg_arrival_oval, layout_basic
D:2:      layout_basic, uniq_sigmund
D:3:      layout_basic, mainiacjoe_overflow_24_doors, uniq_robin
D:4:      layout_rooms, mainiacjoe_overflow_tiny_flanked, lemuel_tele_altar,
          minmay_box_of_dots, uniq_ijyb, uniq_grinder

Skill      XL: |  1  2  3  4 |
---------------+-------------+-----
Polearms       | 4 5 |  5.0
Armour         | 1 |  1.7
Fighting       | |  2.6
Dodging        | |  2.7
Stealth        | |  0.9
Spellcasting   | |  2.2
Conjurations   | |  4.9

Action                     |  1- 3 |  4- 6 || total
---------------------------+-------+-------++-------
  Melee: Spear             |    84 |    64 ||   148
         Kick              |    14 |    14 ||    28
         Peck              |     6 |    11 ||    17
         Punch             |     1 |       ||     1
   Cast: Kiss of Death     |     2 |     2 ||     4
         Momentum Strike   |       |     1 ||     1
    Use: Potion            |       |     1 ||     1
   Stab: Sleeping          |       |     3 ||     3
 Armour: Leather armour    |    22 |    12 ||    34
  Dodge: Dodged            |    44 |    31 ||    75

Table legend: (Time is in decaauts)
 A = Elapsed time spent in this place.
 B = Non-inter-level travel time spent in this place.
 C = Inter-level travel time spent in this place.
 D = Time resting spent in this place.
 E = Time spent auto-exploring this place.
 F = Levels seen in this place.
 G = Mean time per level.
                   A        B        C        D        E       F      G
               +--------+--------+--------+--------+--------+-----+--------+
         Total |   1787 |   1774 |     13 |    414 |    748 |   4 |  446.8 |
       Dungeon |   1787 |   1774 |     13 |    414 |    748 |   4 |  446.8 |
               +--------+--------+--------+--------+--------+-----+--------+

Top non-repeatable levels by time:
     D:1: 1068 daAuts
     D:2: 327 daAuts
     D:3: 244 daAuts
     D:4: 146 daAuts
